 Dungeon Crawl Stone Soup version 0.30-a0-557-ge2afbf3030 (webtiles) character file.

Game seed: 12746132805857125260

128 Jase the Trooper (level 5, -5/54 HPs)
             Began as an Ogre Gladiator on Dec 27, 2022.
             Slain by a river rat (7 damage)
             ... on level 3 of the Dungeon.
             The game lasted 00:05:53 (2460 turns).

Jase the Trooper (Ogre Gladiator)                   Turns: 2460, Time: 00:05:54

Health: -5/54      AC:  3    Str: 20    XL:     5   Next: 11%
Magic:  14/14      EV: 10    Int:  9    God:
Gold:   106        SH:  0    Dex: 10    Spells: 4/4 levels left

rFire   . . .      SeeInvis .    a - +0 long sword
rCold   . . .      Faith    .    (no shield)
rNeg    . . .      Spirit   .    b - +0 robe
rPois   .          Reflect  .    c - +0 hat
rElec   .          Harm     .    (no cloak)
rCorr   .          Rampage  .    (gloves unavailable)
Will    .....                    (boots unavailable)
Stlth   +                        (no amulet)
HPRegen 0.29/turn                j - ring of magical power
MPRegen 0.14/turn                (no ring)

@: no status effects
A: large, unfitting armour, tough skin 1
a: no special abilities


You were on level 3 of the Dungeon.
You visited 1 branch of the dungeon, and saw 3 of its levels.

You collected 106 gold pieces.

Inventory:

Hand Weapons
 a - a +0 long sword (weapon)
Missiles
 d - 3 throwing nets (quivered)
 e - 10 large rocks
 n - 6 stones
Armour
 b - a +0 robe (worn)
 c - a +0 hat (worn)
Jewellery
 j - a ring of magical power (left hand)
 k - a ring of fire
Scrolls
 f - a scroll of enchant weapon {unknown}
 g - a scroll of amnesia
 m - a scroll of teleportation
Potions
 i - a potion of flight
 l - a potion of curing


   Skills:
 + Level 4.2 Fighting
 + Level 0.1 Long Blades
 - Level 3.9 Maces & Flails
 - Level 2.0 Throwing
 + Level 3.4 Dodging


You had 4 spell levels left.
You didn't know any spells.
Your spell library contained the following spells:

 Spells                   Type           Power      Damage    Failure   Level
 Animate Dead             Necr           0%         N/A       99%         4
 Haunt                    Necr/Summ      0%         N/A       100%        7
 Infestation              Necr           0%         N/A       100%        8


Dungeon Overview and Level Annotations

Branches:
Dungeon (3/15)

Altars:
Dithmenos

Shops:
D:3 (

Annotations:
D:3 9 exclusions


Innate Abilities, Weirdness & Mutations

You are too large for most types of armour.
You have tough skin. (AC +1)


Message History

You hear the brisk rusting of a drain.
The worm bites you.
You slash the worm!
The worm is heavily wounded.
You hit the worm.
The worm is severely wounded.
A river rat comes into view.
The worm bites you.
You slash the worm!
You kill the worm!
The river rat bites you!
You hit the river rat but do no damage. The river rat barely misses you.
The river rat bites you.
You closely miss the river rat.
The river rat bites you but does no damage.
You completely miss the river rat. The river rat barely misses you.
You hit the river rat but do no damage. The river rat bites you.
* * * LOW HITPOINT WARNING * * *
The river rat barely misses you.
A rat comes into view.
You barely miss the river rat. The river rat barely misses you.
You closely miss the river rat.
The river rat bites you but does no damage.
The rat barely misses you. The river rat bites you.
* * * LOW HITPOINT WARNING * * *
You barely miss the river rat. The rat bites you but does no damage.
The river rat bites you!
* * * LOW HITPOINT WARNING * * *
You hit the river rat but do no damage. The rat barely misses you.
The river rat bites you.
* * * LOW HITPOINT WARNING * * *
The rat closely misses you.
You feel better. The river rat barely misses you. The rat barely misses you.
You closely miss the river rat. The river rat bites you.
* * * LOW HITPOINT WARNING * * *
The rat bites you but does no damage. The river rat bites you!
* * * LOW HITPOINT WARNING * * *
You closely miss the river rat. The rat closely misses you.
The river rat bites you!
You die...

#.# ##.#.#
#.#######..#
####..........##
###....#####.....#
#...#### #.###.#
###†###### #.##...
#..†.....# #.#....
#~.~.....# #.....#
#.~@~~...#
#..#####
#~~rr~~..# ...##
#+##'~~.....##
#~~~.### #~.~.#
#~.~.# ######


You could see a river rat and a rat.

Vanquished Creatures
  Robin (D:2)
  An adder (D:2)
  A river rat (D:3)
  6 worms
  3 dart slugs
  2 orcs (D:3)
  11 ball pythons
  6 endoplasms
  5 giant cockroaches
  14 goblins
  6 hobgoblins
  3 quokkas (D:1)
  2 bats
  5 frilled lizards
  2 kobolds (D:1)
  5 rats
73 creatures vanquished.

Notes
Turn   | Place    | Note
-------+----------+-------------------------------------------
     0 | D:1      | Jase the Ogre Gladiator began the quest for the Orb.
     0 | D:1      | Reached XP level 1. HP: 22/22 MP: 1/1
   198 | D:1      | Reached skill level 3 in Fighting
   198 | D:1      | Reached XP level 2. HP: 31/31 MP: 2/2
   556 | D:1      | Reached XP level 3. HP: 37/37 MP: 3/3
  1225 | D:2      | Noticed Robin
  1244 | D:2      | Reached XP level 4. HP: 38/46 MP: 4/4
  1250 | D:2      | Killed Robin
  1318 | D:2      | Found a shadowy altar of Dithmenos.
  1395 | D:2      | Identified the +1 pair of gloves of the Butcher {rN+}
  2158 | D:3      | Found Olaoblaj's Weapon Emporium.
  2161 | D:3      | Reached skill level 4 in Fighting
  2415 | D:3      | Reached XP level 5. HP: 51/54 MP: 5/5
  2457 | D:3      | HP: 2/54 [river rat (3)]
  2460 | D:3      | Slain by a river rat

Illustrated notes

Levels and vault maps discovered:
D:1:      lemuel_arrival_cross, layout_basic, nrook_mini_vaults
D:2:      layout_basic, basic_altar, serial_park_tiny_2, uniq_robin
D:3:      layout_loops_ring, portal_sewer_entry_e, serial_shops,
          nicolae_shop_bloodbath_and_beyond, dk_vineyard_2

Skill      XL: |  1  2  3  4 |
---------------+-------------+-----
Fighting       | 3 4 |  4.2
Maces & Flails | 3 |  3.9
Dodging        | 3 |  3.4
Long Blades    | |  0.1
Throwing       | |  2.0

Action                   |  1- 3 |  4- 6 || total
-------------------------+-------+-------++-------
Melee: Flail             |   133 |    42 ||   175
       Long sword        |       |    36 ||    36
       Punch             |       |     2 ||     2
  Use: Scroll            |       |     5 ||     5
       Potion            |       |     1 ||     1
 Stab: Sleeping          |     1 |     1 ||     2
Armor: Robe              |    28 |    13 ||    41
Dodge: Dodged            |    73 |    34 ||   107

Table legend: (Time is in decaauts)
 A = Elapsed time spent in this place.
 B = Non-inter-level travel time spent in this place.
 C = Inter-level travel time spent in this place.
 D = Time resting spent in this place.
 E = Time spent auto-exploring this place.
 F = Levels seen in this place.
 G = Mean time per level.
                   A        B        C        D        E       F      G
               +--------+--------+--------+--------+--------+-----+--------+
         Total |   2513 |   2214 |    299 |    136 |   1472 |   3 |  837.7 |
       Dungeon |   2513 |   2214 |    299 |    136 |   1472 |   3 |  837.7 |
               +--------+--------+--------+--------+--------+-----+--------+

Top non-repeatable levels by time:
     D:2: 1111 daAuts
     D:1: 1039 daAuts
     D:3: 363 daAuts
